 Dungeon Crawl Stone Soup version 0.21-a0-518-g43a1781 (webtiles) character file.

247 4thArraOfDagon the Chopper (level 5, -1/47 HPs)
             Began as a Minotaur Abyssal Knight on Dec 4, 2017.
             Was a Believer of Lugonu.
             Killed from afar by an orc wizard (9 damage)
             ... with a puff of frost
             ... on level 4 of the Dungeon.
             The game lasted 00:05:52 (1137 turns).

4thArraOfDagon the Chopper (MiAK)                   Turns: 1137, Time: 00:05:52

Health: -1/47      AC: 12    Str: 16    XL:     5   Next: 85%
Magic:  6/6        EV:  7    Int: 10    God:    Lugonu [**....]
Gold:   148        SH:  0    Dex: 10    Spells: 4/4 levels left

rFire    + . .     SeeInvis .   j - +2 trident (venom)
rCold    . . .     Gourm    .   (no shield)
rNeg     . . .     Faith    .   l - +3 chain mail {rF+}
rPois    .         Spirit   .   (helmet restricted)
rElec    .         Reflect  .   (no cloak)
rCorr    .         Harm     .   (no gloves)
MR       .....                  (no boots)
Stlth    ..........             (no amulet)
HPRegen  0.15/turn              (no ring)
MPRegen  0.10/turn              (no ring)

@: no status effects
A: retaliatory headbutt, horns 2
a: Depart the Abyss, Bend Space, Renounce Religion


You were on level 4 of the Dungeon.
You worshipped Lugonu.
Lugonu was pleased with you.
You were not hungry.

You visited 1 branch of the dungeon, and saw 4 of its levels.
You visited the Abyss 1 time.

You collected 148 gold pieces.

Inventory:

Hand Weapons
 a - a +1 hand axe
 j - a +2 trident of venom (weapon)
Armour
 b - a +0 leather armour
 f - a +0 ring mail
 i - a +0 scale mail
 l - a +3 chain mail of fire resistance (worn)
Scrolls
 d - a scroll of identify {unknown}
 e - a scroll of noise {unknown}
 g - a scroll of amnesia
 n - 2 scrolls of teleportation
Comestibles
 c - 2 bread rations
 h - a meat ration


   Skills:
 + Level 4.5 Fighting
 * Level 4.7 Axes
 + Level 3.6 Armour
 + Level 2.7 Dodging
 + Level 2.9 Invocations


You had 4 spell levels left.
You didn't know any spells.

Dungeon Overview and Level Annotations

Branches:
Dungeon (4/15)
 Temple: D:4-7

Altars:
Xom

Annotations:
D:2 Natasha


Innate Abilities, Weirdness & Mutations

You reflexively headbutt those who attack you in melee.
You have a pair of horns on your head.


Message History

The orc shouts!
The orc wizard mumbles some strange words.
The orc wizard seems to speed up.
You hear a bark!
An orc comes into view. It is wielding a whip.
An adder skeleton comes into view.
Unknown command.
The orc barely misses you. You furiously retaliate!
You headbutt the orc!
You kill the orc!
Lugonu accepts your kill.
You see here a potion of curing.
Unknown command.
Unknown command.
You feel better. The ogre closely misses you.
Unknown command.
Unknown command.
The orc hits you but does no damage.
The orc wizard points at you and mumbles some strange words.
The puff of frost hits you!
You die...

#.# #.# #.# #####.# ###
##...#.# ##o##
#.##@.O...###.#.#####
#.....oo..o##.###h##..
#...oo.......## ##.a.#
###......(......###.lo..
...Z..(.....####.#.....h
###...##...## #.....#o
§§#..# ##.## #..#.##h
§§#.. #.# #..#.##. #>
##..#.##.


You could see an ogre, an orc priest, an orc wizard, 3 orcs and an adder
skeleton.

Vanquished Creatures
  A jelly (D:3)
  An orc priest (D:3)
  2 orc wizards (D:3)
  A worker ant (D:4)
  Ijyb (D:3)
  2 adders
  A leopard gecko (D:2)
  12 orcs
  4 bats
  2 giant cockroaches (D:3)
  4 goblins
  4 hobgoblins
  An iguana (D:3)
  7 jackals
  8 kobolds
  A quokka (D:3)
  2 frilled lizards
  8 rats
62 creatures vanquished.

Notes
Turn   | Place    | Note
-------+----------+-------------------------------------------
     0 | Abyss:1  | 4thArraOfDagon the Minotaur Abyssal Knight began the quest for the Orb.
     0 | Abyss:1  | Reached XP level 1. HP: 19/19 MP: 1/1
     5 | Abyss:1  | Found a corrupted altar of Lugonu.
    16 | Abyss:1  | Found a corrupted altar of Lugonu.
    79 | Abyss:1  | Noticed an iron imp
   107 | Abyss:1  | Noticed a small abomination
   111 | Abyss:1  | Noticed a small abomination
   115 | Abyss:1  | Noticed a thrashing horror
   116 | D:1      | Escaped the Abyss
   231 | D:2      | Reached XP level 2. HP: 24/27 MP: 2/2
   315 | D:2      | Noticed Natasha
   322 | D:2      | Noticed a crimson imp
   323 | D:2      | HP: 1/27 [Natasha (7)]
   521 | D:2      | Reached * piety under Lugonu
   659 | D:3      | Reached XP level 3. HP: 25/33 MP: 3/3
   742 | D:3      | Reached XP level 4. HP: 38/40 MP: 4/4
   790 | D:3      | Noticed Ijyb
   830 | D:3      | Killed Ijyb
   830 | D:3      | Reached XP level 5. HP: 29/47 MP: 5/5
   870 | D:3      | Found a shimmering altar of Xom.
  1080 | D:4      | Noticed an ogre
  1102 | D:4      | Reached ** piety under Lugonu
  1126 | D:4      | HP: 1/47 [ogre/giant club (25)]
  1137 | D:4      | Killed from afar by an orc wizard

Vault maps used:
D:1:      minmay_arrival_arboretum_small
D:2:      first_bread, uniq_natasha
D:3:      dk_xom_monty_hall, uniq_ijyb
D:4:      kennysheep_mini_moat, nicolae_qazlal_eye_of_the_storm,
          minmay_temple_entry_statues_fountains
Abyss:1:  evilmike_abyss_exit_plants, evilmike_abyss_exit_mutagenic

Skill      XL: |  1  2  3  4 |
---------------+-------------+-----
Invocations    | 2 |  2.9
Axes           | 3 4 |  4.7
Fighting       | 4 |  4.5
Armour         | 3 |  3.6
Dodging        | 2 |  2.7

Action                   |  1- 3 |  4- 6 || total
-------------------------+-------+-------++-------
Melee: Hand axe          |    74 |       ||    74
       Headbutt          |    10 |     8 ||    18
       Trident           |     2 |    70 ||    72
Invok: Depart the Abyss  |     1 |       ||     1
  Use: Potion            |     2 |     3 ||     5
       Scroll            |     2 |     1 ||     3
  Eat: Bread ration      |       |     1 ||     1
Armor: Leather armour    |     8 |       ||     8
       Ring mail         |    16 |       ||    16
       Skin              |     1 |       ||     1
       Scale mail        |       |    13 ||    13
       Chain mail        |       |    21 ||    21
Dodge: Dodged            |    57 |    33 ||    90

Table legend:
 A = Spawn XP
 B = Non-spawn XP
 C = Spawn XP percentage of total XP
 D = Spawn monster count
 E = Non-spawn monster count
 F = Spawn count percentage of total count
 G = Total turns spent on level
                    A         B        C        D         E        F      G
               +---------+---------+-------+---------+---------+-------+---------
         Total |       0 |     353 |   0.0 |       0 |      62 |   0.0 |  1137
               +---------+---------+-------+---------+---------+-------+---------
           D:1 |       0 |      12 |   0.0 |       0 |       7 |   0.0 |   192
           D:2 |       0 |      23 |   0.0 |       0 |      13 |   0.0 |   344
           D:3 |       0 |     254 |   0.0 |       0 |      33 |   0.0 |   428
           D:4 |       0 |      64 |   0.0 |       0 |       9 |   0.0 |    57
               +---------+---------+-------+---------+---------+-------+---------
